AoeStats
← THL

Arabia

506359600Analyzed
1v1 RM · 19d ago on Sep 13, 2026· 54m 31s· 2 players
Game mode
Random Map
Map size
Tiny (2 player)
Population
200
Speed
Normal
Resources
Standard
Victory
Conquest
Starting age
Dark Age
Ending age
Imperial Age
RankedLock teamsTeams togetherTeam positionsShared explorationLock speedFull tech treeHidden civsTurbo modeCheats
Victory
Defeat
🇦🇺 Malay · Australia
1771
+19
🇻🇳 Tatars · Vietnam
1834
-19
NOCHAT_OzzieAmigo
7:27 Loom
9:49 Feudal Age
9:23 Double-Bit Axe
11:11 Horse Collar
23:20 Castle Age
21:14 Gold Mining
22:48 Scale Barding Armor
23:07 Forging
26:36 Husbandry
29:34 Devotion
THL
5:36 Loom
9:04 Feudal Age
9:33 Double-Bit Axe
17:43 Fletching
19:31 Padded Archer Armor
21:52 Castle Age
19:55 Horse Collar
21:27 Gold Mining
22:01 Crossbowman
22:37 Bodkin Arrow
22:53 Bow Saw
27:56 Ballistics
48:21 Husbandry
Connection lost

Rejoining the realm…

Still unreachable

The connection could not be restored.

Session expired

The server has moved on; the page needs a fresh start.